 Dungeon Crawl Stone Soup version 0.19-a0-978-g9f5ef2c (webtiles) character file.

2493 rageheart7 the Spear-Bearer (level 9, -6/71 HPs)
             Began as a Merfolk Gladiator on July 14, 2016.
             Was an Initiate of Okawaru.
             Mangled by a wight
             ... wielding a cursed +0 war axe
              (7 damage)
             ... on level 7 of the Dungeon.
             The game lasted 00:16:56 (6551 turns).

rageheart7 the Spear-Bearer (Merfolk Gladiator)     Turns: 6551, Time: 00:16:58

Health: -6/71      AC: 12    Str: 16    XL:     9   Next: 52%
Magic:  9/9        EV:  3    Int:  8    God:    Okawaru [......]
Gold:   328        SH:  0    Dex: 16    Spells: 0 memorised, 8 levels left

rFire  . . .     SeeInvis .     a - +0 trident
rCold  . . .     Gourm    .     h - +0 plate armour
rNeg   . . .     Faith    .     (no shield)
rPois  .         Spirit   .     c - +1 helmet
rElec  .         Dismiss  .     (no cloak)
rCorr  .         Reflect  .     (no gloves)
SustAt +         Harm     .     (no boots)
MR     .....                    (no amulet)
Stlth  ..........               o - ring of sustain attributes
                                x - +3 ring of evasion

@: drained, not resistant to hostile enchantments, extremely unstealthy
A: change form in water, swift swim
a: Renounce Religion


You were on level 7 of the Dungeon.
You worshipped Okawaru.
Okawaru was noncommittal.
You were hungry.

You visited 2 branches of the dungeon, and saw 8 of its levels.

You collected 376 gold pieces.
You spent 48 gold pieces at shops.

Inventory:

Hand Weapons
 a - a +0 trident (weapon)
 b - a +1 antimagic spear
Missiles
 d - 3 throwing nets (quivered)
 e - 7 tomahawks
 k - 2 poisoned javelins
Armour
 c - a +1 helmet (worn)
 h - a +0 plate armour (worn)
 m - a +0 buckler
Jewellery
 i - an uncursed ring of protection from fire
 o - a ring of sustain attributes (right hand)
 x - a +3 ring of evasion (left hand)
Wands
 w - a wand of slowing (22/48)
Potions
 l - 2 potions of flight
 n - a potion of brilliance
 q - 2 potions of cure mutation
 v - 2 potions of magic
Books
 u - a book of Air

   Spells                             Type                      Level
   a - Shock                          Conjuration/Air              1
   b - Swiftness                      Charms/Air                   2
   c - Repel Missiles                 Charms/Air                   2
   d - Static Discharge               Conjuration/Air              3
   e - Lightning Bolt                 Conjuration/Air              5
Comestibles
 f - 8 bread rations
 j - a slice of pizza
 p - a beef jerky
 r - 2 fruits
 t - a meat ration


   Skills:
 + Level 6.8(6.3) Fighting
 * Level 14.8(14.1) Polearms
 - Level 2.0(1.5) Throwing
 - Level 4.0(3.4) Dodging
 + Level 3.4(2.9) Stealth


You had 8 spell levels left.
You didn't know any spells.

Dungeon Overview and Level Annotations

Branches:
Dungeon (7/15)             Temple (1/1) D:7

Altars:
Ashenzari
Cheibriados
Dithmenos
Elyvilon
Fedhas
Gozag
Hepliaklqana
Kikubaaqudgha
Makhleb
Nemelex Xobeh
Okawaru
Pakellas
Qazlal
Ru
Sif Muna
Trog
Uskayaw
Vehumet
Xom
Yredelemnul
Zin
The Shining One

Shops:
D:4 ?


Message History

The hog barely misses you.
Okay, then.
The hog bites you.
* * * LOW HITPOINT WARNING * * *
The hog barely misses you. The hog bites you but does no damage.
The hog bites you but does no damage. The hog barely misses you.
A wight comes into view. It is wielding an enchanted scimitar.
The hog barely misses you. The hog barely misses you.
There is a stone staircase leading down here.
The hog barely misses you. The hog bites you but does no damage.
The wight hits you with an enchanted scimitar.
* * * LOW HITPOINT WARNING * * *
You feel drained.
* * * LOW HITPOINT WARNING * * *
The wight hits you with a war axe!
You die...

#####...........####........##..#
....####.######..##...#.........#
.#### #..# #......####.........
.## #.## ##......## ##........
..#####.# #........###.........
....##..# #.........#..........
#.......#####....................
#..............z.................
#.............Yh@.....###........
.....#.........zz......##.....##.
......#.................#(...###.
..................#..........###.
.......#..........###.........##.
.......##..........###.........#.
......####.........####..........
......# ###....##..###..........
......# #.........#...........


You could see a yak, a hog and 3 wights.

Vanquished Creatures
  Pikel (D:7)
  Prince Ribbit (D:6)
  A human (D:7)
  A hog (D:7)
  Edmund (D:5)
  A water moccasin (D:5)
  Duvessa (D:7)
  4 slaves (D:7)
  An ogre (D:6)
  Dowan (D:7)
  3 scorpions
  2 wights (D:7)
  A howler monkey (D:7)
  3 hounds
  2 jellies
  2 centaur skeletons
  2 orc priests
  4 orc wizards
  5 worker ants
  A sheep (D:7)
  4 gnolls (D:7)
  A howler monkey skeleton (D:4)
  9 adders
  A shadow imp (D:4)
  2 oozes
  An adder zombie (D:5)
  An adder skeleton (D:7)
  2 worms
  5 dart slugs
  6 giant geckos
  21 orcs
  3 ball pythons
  9 bats
  4 giant cockroaches
  13 goblins
  4 hobgoblins
  4 jackals
  4 kobolds
  3 quokkas (D:7)
  A giant cockroach zombie (D:5)
  A giant gecko skeleton (D:5)
  4 giant newts
  12 rats
153 creatures vanquished.

Notes
Turn   | Place    | Note
-------+----------+-------------------------------------------
     0 | D:1      | rageheart7 the Merfolk Gladiator began the quest for the Orb.
     0 | D:1      | Reached XP level 1. HP: 16/16 MP: 1/1
   119 | D:1      | Reached skill level 5 in Polearms
   119 | D:1      | Reached XP level 2. HP: 23/23 MP: 2/2
   725 | D:2      | Reached XP level 3. HP: 15/28 MP: 3/3
   737 | D:2      | Reached skill level 6 in Polearms
   994 | D:2      | Reached XP level 4. HP: 27/34 MP: 4/4
  1085 | D:2      | Reached skill level 7 in Polearms
  1224 | D:2      | Found a faded altar of an unknown god.
  1753 | D:3      | Found an oddly glowing altar of Pakellas.
  1807 | D:3      | Found a sacrificial altar of Ru.
  1813 | D:3      | Reached XP level 5. HP: 40/40 MP: 5/5
  1881 | D:3      | Reached skill level 8 in Polearms
  2030 | D:4      | Reached skill level 1 in Stealth
  2101 | D:4      | Reached XP level 6. HP: 33/47 MP: 6/6
  2175 | D:4      | Found Negesh's Magic Scroll Shoppe.
  2177 | D:4      | Bought a scroll of identify for 24 gold pieces
  2177 | D:4      | Bought a scroll of identify for 24 gold pieces
  2230 | D:4      | Reached skill level 9 in Polearms
  2511 | D:4      | Reached XP level 7. HP: 53/53 MP: 7/7
  2929 | D:5      | Entered Level 5 of the Dungeon
  2929 | D:5      | Noticed Edmund
  2940 | D:5      | Killed Edmund
  2940 | D:5      | Reached skill level 10 in Polearms
  3025 | D:5      | Found a glowing golden altar of the Shining One.
  3616 | D:5      | Reached skill level 11 in Polearms
  3676 | D:5      | Reached XP level 8. HP: 57/61 MP: 8/8
  3806 | D:6      | Reached skill level 5 in Fighting
  4004 | D:6      | Noticed Prince Ribbit
  4018 | D:6      | Killed Prince Ribbit
  4018 | D:6      | Reached skill level 12 in Polearms
  4976 | D:7      | Noticed Pikel
  5017 | D:7      | Killed Pikel
  5017 | D:7      | Reached skill level 13 in Polearms
  5017 | D:7      | Reached XP level 9. HP: 51/69 MP: 9/9
  5150 | D:7      | Reached skill level 14 in Polearms
  5165 | D:7      | Noticed Dowan
  5463 | D:7      | Found a staircase to the Ecumenical Temple.
  5552 | D:7      | Noticed Duvessa
  5564 | D:7      | Killed Duvessa
  5575 | D:7      | Killed Dowan
  5585 | Temple   | Entered the Ecumenical Temple
  5732 | Temple   | Became a worshipper of Warmaster Okawaru
  5900 | D:7      | Found a shadowy altar of Dithmenos.
  6407 | D:7      | Found an opulent altar of Gozag.
  6551 | D:7      | HP: 3/71 [wight/enchanted scimitar (6)]
  6551 | D:7      | HP: 1/71 [wight/enchanted scimitar (2)]
  6551 | D:7      | Mangled by a wight

Vault maps used:
D:1:      dpeg_arrival_pits
D:2:      kennysheep_the_goblin_king, ecumenical_altar_2
D:3:      lemuel_doored_altar, nicolae_ru_great_annihilating_truth
D:4:      first_bread, serial_shops, nicolae_shop_trees, grunt_ministairs_14,
          serial_bayou_crossing
D:5:      kennysheep_mini, due_unseen_surprise, uniq_edmund
D:6:      minmay_misc_feat_five, uniq_prince_ribbit1
D:7:      kennysheep_little_box, lemuel_round_altar, grunt_livestock,
          uniq_pikel, uniq_duvessa
Temple:   hc_temple_tempest_star

Skill      XL: |  1  2  3  4  5  6  7  8  9 |
---------------+----------------------------+-----
Polearms       | 5 6 7 8 9 11 13 14 | 14.8
Fighting       | 3 4 6 |  6.8
Stealth        | 1 2 3 |  3.4
Throwing       | |  2.0
Dodging        | |  4.0

Action                   |  1- 3 |  4- 6 |  7- 9 || total
-------------------------+-------+-------+-------++-------
Melee: Trident           |   112 |   190 |   405 ||   707
  Use: Potion            |     2 |     4 |     5 ||    11
       Scroll            |     1 |     6 |     7 ||    14
 Stab: Sleeping          |       |     4 |       ||     4
       Paralysed         |       |     1 |       ||     1
       Distracted        |       |       |     2 ||     2
  Eat: Chunk             |     1 |     5 |     7 ||    13
       Meat ration       |       |       |     1 ||     1
Armor: Leather armour    |    23 |    20 |     3 ||    46
       Scale mail        |       |       |    30 ||    30
       Plate armour      |       |       |   112 ||   112
Dodge: Dodged            |    53 |    92 |   108 ||   253
